 Dungeon Crawl Stone Soup version 0.30-a0-626-gd6a5dd7a1f (webtiles) character file.

Game seed: 1547989452899100353

6025 acebull12 the Covert (level 10, -15/48 HPs)
             Began as a Spriggan Venom Mage on Jan 11, 2023.
             Was a Priest of Okawaru.
             Demolished by a swamp worm (24 damage)
             ... in a Gauntlet.
             The game lasted 00:48:37 (10824 turns).

acebull12 the Covert (Spriggan Venom Mage)         Turns: 10824, Time: 00:48:37

Health: -15/48     AC:  3    Str:  4    XL:     10   Next: 56%
Magic:  21/21      EV: 26    Int: 16    God:    Okawaru [***...]
Gold:   410        SH:  0    Dex: 21    Spells: 15/23 levels left

rFire   . . .      SeeInvis +    k - +2 dagger (venom)
rCold   . . .      Faith    .    (no shield)
rNeg    . . .      Spirit   .    a - +0 robe
rPois   .          Reflect  .    (helmet restricted)
rElec   .          Harm     .    d - +0 cloak
rCorr   +          Rampage  .    (gloves unavailable)
Will    +....      NoTele   +    (boots unavailable)
Stlth   ++++++                   (no amulet)
HPRegen 0.28/turn                r - +5 ring of evasion
MPRegen 0.17/turn                B - ring of resist corrosion

@: mighty, very quick
A: very small, no large weapons, unfitting armour, see invisible, speed 3
a: Renounce Religion, Heroism


You were in a Gauntlet.
You worshipped Okawaru.
Okawaru was most pleased with you.
You visited 3 branches of the dungeon, and saw 11 of its levels.
You also visited: Ossuary and Gauntlet.

You collected 410 gold pieces.

Inventory:

Hand Weapons
 e - a +2 dagger of electrocution
 h - a +0 vampiric dagger
 k - a +2 dagger of venom (weapon)
Missiles
 g - 106 stones
Armour
 a - a +0 robe (worn)
 d - a +0 cloak (worn)
Jewellery
 r - a +5 ring of evasion (left hand)
 s - an amulet of faith
 B - a ring of resist corrosion (right hand)
 D - a ring of poison resistance
 M - the ring of Nakeweug {Fire Int+3}
   (You found it in a Gauntlet)

   [ring of fire]

   It enhances your fire magic.
   Int:       It affects your intelligence (+3).
   rF:        It protects you from fire.
   rC:        It makes you vulnerable to cold.
Wands
 o - a wand of iceblast (9)
 v - a wand of paralysis (17)
 J - a wand of polymorph (14)
Scrolls
 f - 2 scrolls of teleportation
 j - 2 scrolls of fear {unknown}
 n - a scroll of enchant armour {unknown}
 q - a scroll of brand weapon {unknown}
 w - 2 scrolls of immolation {unknown}
 y - a scroll of silence {unknown}
 A - a scroll of enchant weapon {unknown}
 C - a scroll of fog {unknown}
 H - a scroll of vulnerability {unknown}
 I - a scroll of summoning {unknown}
Potions
 b - 2 potions of magic
 c - 2 potions of heal wounds
 i - 2 potions of invisibility
 l - 6 potions of curing
 m - a potion of cancellation {unknown}
 p - 4 potions of mutation {unknown}
 t - 3 potions of flight
 u - 2 potions of might
 x - 2 potions of lignification {unknown}
 z - 2 potions of berserk rage {unknown}
 E - a potion of attraction {unknown}
 F - a potion of ambrosia {unknown}
 G - 2 potions of haste
 K - a potion of resistance {unknown}
Miscellaneous
 L - a lightning rod (4/4)


   Skills:
 + Level 2.8 Fighting
 + Level 6.0 Short Blades
 + Level 0.2 Throwing
 + Level 5.9 Dodging
 * Level 14.0 Stealth
 + Level 7.0 Spellcasting
 * Level 8.5 Transmutations
 + Level 0.4 Fire Magic
 + Level 6.7 Poison Magic
 * Level 2.0 Invocations


You had 15 spell levels left.
You knew the following spells:

 Your Spells              Type           Power      Damage    Failure   Level
a - Sting                 Tmut/Pois      100%       1d8       1%          1
b - Ignite Poison         Fire/Tmut/Pois 22%        N/A       4%          3
c - Olgreb's Toxic Radia  Pois           27%        N/A       8%          4

Your spell library contained the following spells:

 Spells                   Type           Power      Damage    Failure   Level
 Poisonous Vapours        Pois/Air       32%        N/A       4%          2
 Magic Dart               Conj           20%        1d4       12%         1
 Mephitic Cloud           Conj/Pois/Air  12%        N/A       16%         3
 Searing Ray              Conj           10%        2d4       19%         2
 Inner Flame              Hex/Fire       6%         N/A       34%         3
 Kindle Blastsparks       Fire/Tloc/Air  12%        2d11      34%         3
 Ozocubu's Armour         Ice            5%         N/A       36%         3
 Portal Projectile        Hex/Tloc       10%        N/A       36%         3
 Flame Wave               Conj/Fire      6%         2d5       75%         4
 Sticky Flame             Conj/Fire      6%         2d3       75%         4
 Fulminant Prism          Conj/Hex       2%         3d5       77%         4
 Leda's Liquefaction      Hex/Erth       2%         N/A       77%         4
 Freezing Cloud           Conj/Ice/Air   2%         6-21      98%         5
 Ozocubu's Refrigeration  Ice            2%         4d8       100%        7
 Call Canine Familiar     Summ           Unusable   N/A       N/A         3

Dungeon Overview and Level Annotations

Branches:
Dungeon (9/15)             Temple (1/1) D:7            Lair (1/5) D:8
Ossuary (visited)         Gauntlet (1/1)
    Orc: D:9-12

Altars:
Dithmenos
Elyvilon
Hepliaklqana
Nemelex Xobeh
Okawaru
Ru
Sif Muna
Vehumet

Shops:
D:1 (   D:4 [

Annotations:
Gauntlet 9 transporters, 2 runed translucent doors


Innate Abilities, Weirdness & Mutations

You are very small and have problems with some larger weapons.
You are too small for most types of armour.
You have supernaturally acute eyesight. (SInv)
You cover ground extremely quickly. (Speed+++)


Message History

* * * LOW HITPOINT WARNING * * *
The tyrant leech barely misses you. The swamp worm completely misses you.
The swamp worm barely misses you.
You feel much better. The swamp worm bites you!
The tyrant leech completely misses you. The swamp worm bites you.
The hell hound barks!
You puncture the swamp worm!
The swamp worm looks as sick as possible!
The swamp worm is severely wounded.
You hear a bark!
The swamp worm misses you. The tyrant leech completely misses you.
The swamp worm closely misses you.
You barely miss the swamp worm.
The swamp worm is severely wounded.
The swamp worm misses you.
You barely miss the swamp worm.
The swamp worm is severely wounded.
The swamp worm misses you. The tyrant leech misses you.
The swamp worm completely misses you.
You puncture the swamp worm!
You kill the swamp worm!
Okawaru accepts your kill. The swamp worm barely misses you.
Your Stealth skill increases to level 14!
Your Invocations skill increases to level 2!
You see here a swamp worm corpse.
You see here 25 gold pieces.
You now have 410 gold pieces (gained 25).
The swamp worm fires a harpoon shot at you.
The harpoon shot misses you.
There is a transporter here.
You see here the ring of Nakeweug {Fire Int+3}.
M - the ring of Nakeweug {Fire Int+3} The swamp worm barely misses you.
Found a transporter.
The swamp worm bites you!
* * * LOW HITPOINT WARNING * * *
The swamp worm bites you!!
Ouch! That really hurt!
You die...

............. ### ### ###
############# ### #
###≈###≈###≈###...........###≈###
≈#≈≈≈#≈≈≈#≈≈≈#..♣P......♣..#≈≈≈#≈
...............P....∩............
.P♣...♣P..♣P.P♣..........P♣P..♣..
.................................
.#########.#########.#########.##
.#.$=©.(.#.#...©@$.#.##R#©#R##.##
.#....#.3#.#w##.w..#.#E#[#°#h#.##
.#...###3#.#.#.##..#.##h#^#.##.#.
.#..#©#.3#.#.#.©#†.#.#E#.#©#.#.#.
.#.###..3#.#.##..#.#.##.#.#.##.##
.#..#....#.#..####.#.#.#.#.#.#.##
.#.......#.#...w...#.##.#. ##.#.
.###################.##### #####
....#©....©....©#.......#© ..©..


You could see a tyrant leech (wandering, very poisoned), 2 swamp worms, 2 fire
elementals and a hell hound.

Vanquished Creatures
  A centaur warrior (D:8)
  A slime creature (Gauntlet)
  Maggie (D:6)
  A cane toad (Lair:1)
  A kobold demonologist (D:8)
  A troll (shapeshifter) (Gauntlet)
  A polar bear (Lair:1)
  A steam dragon (D:6)
  A redback (shapeshifter) (Gauntlet)
  A swamp worm (Gauntlet)
  5 water moccasins
  2 black bears
  A sky beast (D:7)
  An ice beast (D:6)
  2 centaurs
  A kobold brigand (D:8)
  A bullfrog (shapeshifter) (Gauntlet)
  5 bullfrogs
  4 necrophages
  4 scorpions
  7 water moccasin zombies (Ossuary)
  3 howler monkeys (D:8)
  4 jellies
  A hound (D:5)
  4 orc priests
  Jessica (D:3)
  Natasha (twice) (D:4)
  4 iguanas
  11 orc wizards
  Ijyb (D:3)
  2 mummies (Ossuary)
  Robin (D:3)
  6 adders
  2 shadow imps
  2 white imps
  4 adder zombies (Ossuary)
  4 dart slugs
  3 worms
  23 orcs
  7 endoplasms
  2 giant cockroaches
  4 gnoll zombies (Ossuary)
  9 goblins
  11 hobgoblins
  7 jackals
  3 quokkas
  A ball python (D:3)
  8 bats
  2 frilled lizards
  4 hobgoblin zombies (Ossuary)
  13 kobolds
  2 kobold zombies (Ossuary)
  5 orc zombies (Ossuary)
  11 rats
210 creatures vanquished.

Vanquished Creatures (others)
  An orc wizard (D:7)
  4 demonic plants (Gauntlet)
5 creatures vanquished.

Grand Total: 215 creatures vanquished

Notes
Turn   | Place    | Note
-------+----------+-------------------------------------------
     0 | D:1      | acebull12 the Spriggan Venom Mage began the quest for the
                  | Orb.
     0 | D:1      | Reached XP level 1. HP: 9/9 MP: 5/5
    38 | D:1      | Found Jodghuo's Antique Weapon Shop.
   339 | D:1      | Reached XP level 2. HP: 13/13 MP: 4/6
  1435 | D:2      | Reached XP level 3. HP: 16/16 MP: 6/8
  1747 | D:2      | Reached skill level 4 in Stealth
  2340 | D:3      | Found a shimmering blue altar of Sif Muna.
  2426 | D:3      | Found a sacrificial altar of Ru.
  2444 | D:3      | Reached XP level 4. HP: 15/21 MP: 7/10
  2501 | D:3      | Found a radiant altar of Vehumet.
  2708 | D:3      | Noticed Robin
  2709 | D:3      | Noticed Ijyb
  2731 | D:3      | Noticed Jessica
  2753 | D:3      | Killed Robin
  2754 | D:3      | Reached skill level 5 in Stealth
  3476 | D:3      | Killed Ijyb
  3477 | D:3      | Reached skill level 1 in Short Blades
  3477 | D:3      | Reached XP level 5. HP: 15/24 MP: 11/11
  3572 | D:3      | Killed Jessica
  3957 | D:4      | Found Jucenony's Antique Armour Boutique.
  4285 | D:4      | Noticed Natasha
  4293 | D:4      | Killed Natasha
  4536 | D:4      | Reached XP level 6. HP: 27/28 MP: 13/13
  4800 | D:5      | Entered Level 5 of the Dungeon
  4979 | D:5      | Reached skill level 6 in Stealth
  5113 | D:5      | Found a white marble altar of Elyvilon.
  5252 | D:5      | Reached XP level 7. HP: 30/32 MP: 12/15
  5536 | D:6      | Reached skill level 5 in Spellcasting
  5626 | D:4      | Noticed Natasha
  5639 | D:4      | Killed Natasha
  5795 | D:6      | Reached skill level 7 in Stealth
  5795 | D:6      | Reached skill level 5 in Poison Magic
  5821 | D:6      | Noticed Maggie
  5842 | D:6      | Killed Maggie
  5843 | D:6      | Reached skill level 8 in Stealth
  5843 | D:6      | Reached skill level 5 in Transmutations
  5843 | D:6      | Reached XP level 8. HP: 37/37 MP: 15/17
  5856 | D:6      | Learned a level 3 spell: Ignite Poison
  6414 | D:6      | Reached skill level 1 in Fighting
  6414 | D:6      | Reached skill level 9 in Stealth
  6790 | D:7      | Found a sand-covered staircase.
  6795 | Ossuary  | Entered an ossuary
  7336 | Ossuary  | Reached skill level 10 in Stealth
  7439 | Ossuary  | Reached XP level 9. HP: 41/41 MP: 19/19
  8113 | D:7      | Learned a level 4 spell: Olgreb's Toxic Radiance
  8555 | D:7      | Reached skill level 11 in Stealth
  8683 | D:7      | Found a staircase to the Ecumenical Temple.
  8750 | Temple   | Entered the Ecumenical Temple
  8754 | Temple   | Became a worshipper of Warmaster Okawaru
  9117 | D:8      | Reached skill level 5 in Short Blades
  9415 | D:8      | Found a staircase to the Lair.
  9594 | D:8      | Noticed a kobold demonologist
  9597 | D:8      | Reached skill level 12 in Stealth
  9598 | D:8      | Killed a kobold demonologist
  9598 | D:8      | Reached * piety under Okawaru
  9599 | D:8      | Reached skill level 5 in Dodging
  9606 | D:8      | Noticed a centaur warrior
  9606 | D:8      | Noticed a yaktaur
  9606 | D:8      | Noticed a gargoyle
  9606 | D:8      | Noticed a centaur warrior
  9606 | D:8      | a yaktaur changed into a death drake
  9606 | D:8      | Noticed a death drake (shapeshifter)
  9623 | D:8      | Noticed an orb spider
  9632 | D:8      | HP: 2/42 [centaur warrior (3)]
  9648 | D:8      | Killed a centaur warrior
  9648 | D:8      | Reached ** piety under Okawaru
  9649 | D:8      | Reached skill level 13 in Stealth
  9649 | D:8      | Reached XP level 10. HP: 42/46 MP: 19/21
  9896 | D:8      | Noticed a sea snake
 10057 | D:8      | Noticed a bunyip
 10067 | Lair:1   | Entered Level 1 of the Lair of Beasts
 10072 | Lair:1   | Found a gate leading to a gauntlet.
 10142 | Lair:1   | Noticed a cane toad
 10167 | Lair:1   | Killed a cane toad
 10168 | Lair:1   | Reached skill level 1 in Invocations
 10205 | Gauntlet | Entered a Gauntlet
 10205 | Gauntlet | Found a transporter.
 10214 | Gauntlet | Found a transporter.
 10222 | Gauntlet | Found a transporter.
 10226 | Gauntlet | Found a transporter.
 10226 | Gauntlet | Noticed a sixfirhy
 10226 | Gauntlet | Noticed a sixfirhy
 10232 | Gauntlet | Noticed a sixfirhy
 10232 | Gauntlet | Noticed a sixfirhy
 10233 | Gauntlet | Found a transporter.
 10249 | Gauntlet | Found a transporter.
 10259 | Gauntlet | Found a transporter.
 10269 | Gauntlet | Found a transporter.
 10269 | Gauntlet | Noticed an orange demon
 10274 | Gauntlet | Noticed a green death
 10284 | Gauntlet | Found a transporter.
 10289 | Gauntlet | Noticed a gargoyle
 10292 | Gauntlet | Found a runed translucent door.
 10293 | Gauntlet | Found a transporter.
 10294 | Gauntlet | Found a runed translucent door.
 10295 | Gauntlet | Found a transporter.
 10299 | Gauntlet | Noticed a catoblepas
 10306 | Gauntlet | Found a transporter.
 10345 | Gauntlet | Reached *** piety under Okawaru
 10538 | Gauntlet | Found a transporter.
 10795 | Gauntlet | HP: 1/48 [swamp worm (24)]
 10801 | Gauntlet | Reached skill level 14 in Stealth
 10807 | Gauntlet | Identified the ring of Nakeweug {Fire Int+3}
 10819 | Gauntlet | Found a transporter.
 10824 | Gauntlet | Demolished by a swamp worm

Illustrated notes

Levels and vault maps discovered:
D:1:      wander_arrival_chamber, layout_basic, serial_shops,
          nicolae_shop_stone, kennysheep_decorative_pillar
D:2:      layout_basic, chequers_serial_rivers_room_b, minmay_quadrilaterals
D:3:      minmay_angry_zag, layout_basic, nicolae_ru_great_annihilating_truth,
          vehumet_crystals, nicolae_sif_muna_little_library,
          minmay_misc_feat_diagonals, ebering_dispersal_statue_hall,
          corexii_leaking_fountain, chequers_hall_statues_corner_a,
          dreamdust_princess_bridge, nicolae_goblin_pals, uniq_jessica
D:4:      layout_gridville, nicolae_take_the_stairs, uniq_natasha
D:5:      layout_cave_pools, nicolae_overflow_hidden_temple,
          kennysheep_nondescript
D:6:      layout_basic, uniq_maggie
D:7:      minmay_flawed_box, layout_basic, minmay_temple_entry_glass,
          nicolae_ossuary_entry_monument, nrook_uturn
D:8:      minmay_the_grid_plus_closed [minmay_the_grid_odd_star,
          minmay_the_grid_box_x, minmay_the_grid_outer_circle,
          minmay_the_grid_plusring, minmay_the_grid_prize_big_room],
          layout_gridville, cheibriados_altar_1
D:9:      lemuel_bear_cage, layout_long_grid, tgw_trog, dk_yredelemnul_ordeal
Temple:   zaba_magenta_temple
Lair:1:   layout_big_grid, gauntlet_entry_generic, grunt_megastairs_2
Gauntlet: minmay_gauntlet_77_tree [minmay_gauntlet_arena_77_radiant_squares,
          minmay_gauntlet_arena_77_cramped, minmay_gauntlet_arena_77_museum,
          minmay_gauntlet_arena_77_mess, minmay_gauntlet_arena_77_checkered,
          minmay_gauntlet_arena_77_hold_the_fort,
          minmay_gauntlet_arena_77_double_cross,
          dreamdust_gauntlet_exit_labyrinth]

Skill      XL: |  1  2  3  4  5  6  7  8  9 10 |
---------------+-------------------------------+-----
Spellcasting   | 3 4 5 6 7 |  7.0
Transmutations | 2 3 4 5 6 7 8 |  8.5
Stealth        | 4 5 6 8 10 13 14 | 14.0
Short Blades   | 1 2 3 5 6 |  6.0
Poison Magic   | 4 5 6 |  6.7
Dodging        | 3 4 5 |  5.9
Fighting       | 1 2 |  2.8
Invocations    | 2 |  2.0
Throwing       | |  0.2
Fire Magic     | |  0.4

Action                   |  1- 3 |  4- 6 |  7- 9 | 10-12 || total
-------------------------+-------+-------+-------+-------++-------
Melee: Dagger            |    40 |    93 |   380 |    85 ||   598
       Punch             |       |       |     3 |       ||     3
Throw: Boomerang         |       |       |     2 |       ||     2
 Cast: Sting             |    49 |    66 |    55 |    13 ||   183
       Ignite Poison     |       |       |     3 |     5 ||     8
       Olgreb's Toxic Ra |       |       |       |     1 ||     1
  Use: Scroll            |       |       |     7 |       ||     7
       Potion            |       |       |     2 |     6 ||     8
 Stab: Sleeping          |     8 |     9 |    36 |     2 ||    55
       Paralysed         |     1 |       |       |       ||     1
       Invisible         |       |     1 |       |       ||     1
       Distracted        |       |       |     1 |       ||     1
Armor: Robe              |     3 |     5 |    22 |     3 ||    33
Dodge: Dodged            |    44 |    67 |   250 |   100 ||   461

Table legend: (Time is in decaauts)
 A = Elapsed time spent in this place.
 B = Non-inter-level travel time spent in this place.
 C = Inter-level travel time spent in this place.
 D = Time resting spent in this place.
 E = Time spent auto-exploring this place.
 F = Levels seen in this place.
 G = Mean time per level.
                   A        B        C        D        E       F      G
               +--------+--------+--------+--------+--------+-----+--------+
         Total |   7969 |   7483 |    486 |   1593 |   3376 |  13 |  613.0 |
       Dungeon |   6385 |   5899 |    486 |    697 |   3376 |   9 |  709.4 |
        Temple |      6 |      6 |      0 |      0 |      0 |   1 |    6.0 |
          Lair |    101 |    101 |      0 |     43 |      0 |   1 |  101.0 |
       Ossuary |    992 |    992 |      0 |    648 |      0 |   1 |  992.0 |
      Gauntlet |    483 |    483 |      0 |    205 |      0 |   1 |  483.0 |
               +--------+--------+--------+--------+--------+-----+--------+

Top non-repeatable levels by time:
     D:3: 1025 daAuts
 Ossuary: 992 daAuts
     D:1: 920 daAuts
     D:8: 787 daAuts
     D:6: 782 daAuts
     D:2: 782 daAuts
     D:4: 757 daAuts
     D:7: 731 daAuts
     D:5: 595 daAuts
Gauntlet: 483 daAuts
  Lair:1: 101 daAuts
  Temple: 6 daAuts
     D:9: 1 daAuts
